 Dungeon Crawl Stone Soup version 0.20-a0-251-g16a58bf (webtiles) character file.

2511 mopl the Quickloader (level 9, -14/108 HPs)
             Began as a Minotaur Hunter on Nov 30, 2016.
             Was a Believer of Trog.
             Killed from afar by Iwannabefree's ghost (23 damage)
             ... with a shard of ice
             ... on level 7 of the Dungeon.
             The game lasted 00:11:52 (6466 turns).

mopl the Quickloader (Minotaur Hunter)              Turns: 6466, Time: 00:11:53

Health: -14/108    AC: 12    Str: 23    XL:     9   Next: 28%
Magic:  8/8        EV:  9    Int:  8    God:    Trog [**....]
Gold:   275        SH:  5    Dex: 13    Spells: 8/8 levels left

rFire  . . .     SeeInvis .     b - +1 whip (freeze)
rCold  . . .     Gourm    .     e - +0 chain mail
rNeg   . . .     Faith    .     (no shield)
rPois  .         Spirit   .     (helmet restricted)
rElec  .         Reflect  +     (no cloak)
rCorr  .         Harm     .     E - +2 pair of gloves
MR     .....                    (no boots)
Stlth  ..........               r - +5 amulet of reflection
                                (no ring)
                                (no ring)

@: berserking (expiring), very quick
A: retaliatory headbutt, horns 2
a: Berserk, Trog's Hand, Burn Spellbooks, Renounce Religion


You were on level 7 of the Dungeon.
You worshipped Trog.
Trog was pleased with you.
You were very hungry.

You visited 1 branch of the dungeon, and saw 7 of its levels.

You collected 275 gold pieces.

Inventory:

Hand Weapons
 a - a +1 hand crossbow
 b - a +1 whip of freezing (weapon)
 h - a +0 short sword
 B - a +0 great mace
 G - a +3 short sword of venom
 H - a +1 trident of freezing
Missiles
 d - 46 bolts
 m - 2 poisoned tomahawks
 y - 2 tomahawks (quivered)
 z - 4 tomahawks of returning
 D - 4 curare-tipped needles
 M - 3 throwing nets
Armour
 e - a +0 chain mail (worn)
 x - a +0 plate armour
 E - a +2 pair of gloves (worn)
Jewellery
 r - a +5 amulet of reflection (around neck)
Scrolls
 g - 2 scrolls of teleportation {unknown}
 j - a scroll of immolation {unknown}
 n - 3 scrolls of noise {unknown}
 u - 2 scrolls of remove curse {unknown}
 C - 2 scrolls of fog {unknown}
 I - a scroll of amnesia {unknown}
 N - a scroll of enchant weapon {unknown}
 O - a scroll of fear {unknown}
 P - a scroll of random uselessness {unknown}
 Q - a scroll of blinking {unknown}
Potions
 c - a potion of resistance
 i - 2 potions of invisibility
 k - 3 potions of haste
 l - 4 potions of curing {unknown}
 o - 2 potions of heal wounds {unknown}
 q - 2 potions of mutation {unknown}
 s - a potion of magic
 v - a potion of might
 w - a potion of flight
 A - a potion of lignification {unknown}
 J - 2 potions of agility {unknown}
 K - a potion of brilliance {unknown}
Comestibles
 f - 5 bread rations
 p - 2 royal jellies
 t - 3 beef jerkies
 F - 2 slices of pizza
 L - 4 chunks of flesh


   Skills:
 + Level 4.7 Fighting
 * Level 12.9 Crossbows
 + Level 4.0 Armour
 - Level 2.1 Dodging
 - Level 0.7 Stealth


You had 8 spell levels left.
You didn't know any spells.

Dungeon Overview and Level Annotations

Branches:
Dungeon (7/15)             Temple (0/1) D:6

Altars:
Elyvilon
Kikubaaqudgha
Nemelex Xobeh
Ru
Trog

Shops:
D:4 (

Annotations:
D:7 Iwannabefree's ghost, novice HEIE


Innate Abilities, Weirdness & Mutations

You reflexively headbutt those who attack you in melee.
You have a pair of horns on your head.


Message History

The shard of ice hits you!
* * * LOW HITPOINT WARNING * * *
You miss Iwannabefree's ghost.
Iwannabefree's ghost is moderately damaged.
You miss Iwannabefree's ghost.
Iwannabefree's ghost is moderately damaged.
Iwannabefree's ghost hits you.
* * * LOW HITPOINT WARNING * * *
You miss Iwannabefree's ghost.
Iwannabefree's ghost is moderately damaged.
Iwannabefree's ghost hits you but does no damage.
You whack Iwannabefree's ghost! You freeze Iwannabefree's ghost.
Your headbutt misses Iwannabefree's ghost.
Iwannabefree's ghost is heavily damaged.
You completely miss Iwannabefree's ghost.
Your headbutt misses Iwannabefree's ghost.
Iwannabefree's ghost is heavily damaged.
Iwannabefree's ghost casts a spell at you.
The shard of ice hits you!
You die...

#...........###.....#
#...................###
#...........# #........
#...........###....Z#
....................+
.#.##..######......#
##.# #Z####.# #.## #W#
#..# #@# ##.## #.# #..#
#.# ##.# #.# ####.##
#.# #.....# #.# #.....#
#.# #.....# #.#
#.....##


You could see Iwannabefree's ghost and a centaur skeleton.

Vanquished Creatures
  Pikel (D:6)
  Grinder (D:6)
  Prince Ribbit (D:5)
  The ghost of patrickswayze the Covert, an amateur DECK of Xom (D:4)
  Sigmund (D:3)
  Menkaure (D:5)
  Duvessa (D:5)
  3 slaves (D:6)
  A sky beast (D:7)
  An orc warrior (D:6)
  An ogre (D:5)
  A centaur (D:5)
  Blork the orc (D:5)
  Dowan (D:5)
  2 howler monkeys (D:7)
  A crimson imp (D:7)
  A quasit (D:6)
  A hound (D:5)
  A jelly (D:6)
  3 orc priests
  3 orc wizards
  3 iguanas (D:4)
  Ijyb (D:3)
  2 worker ants
  A hound skeleton (D:6)
  A howler monkey zombie (D:6)
  7 adders
  4 adder skeletons
  4 dart slugs
  4 leopard geckos
  9 orcs
  3 bats (D:1)
  5 giant cockroaches
  3 goblins
  7 hobgoblins
  12 jackals
  5 quokkas
  A ball python (D:3)
  A frilled lizard (D:1)
  A jackal skeleton (D:6)
  4 kobolds
  A quokka skeleton (D:5)
  8 rats
115 creatures vanquished.

Vanquished Creatures (others)
  A crimson imp (D:6)
  An orc wizard (D:6)
  An orc (D:6)
  A bat (D:2)
  A frilled lizard (D:2)
5 creatures vanquished.

Grand Total: 120 creatures vanquished

Notes
Turn   | Place    | Note
-------+----------+-------------------------------------------
     0 | D:1      | mopl the Minotaur Hunter began the quest for the Orb.
     0 | D:1      | Reached XP level 1. HP: 18/18 MP: 0/0
   427 | D:1      | Reached XP level 2. HP: 25/25 MP: 1/1
   449 | D:1      | Reached skill level 5 in Crossbows
  1090 | D:2      | Reached XP level 3. HP: 23/30 MP: 2/2
  1410 | D:2      | Found a white marble altar of Elyvilon.
  1727 | D:2      | Found a bloodstained altar of Trog.
  1780 | D:2      | Reached skill level 6 in Crossbows
  1813 | D:2      | Found a sparkling altar of Nemelex Xobeh.
  2253 | D:2      | Became a worshipper of Trog the Wrathful
  2321 | D:3      | Reached XP level 4. HP: 36/37 MP: 3/3
  2408 | D:3      | Noticed Sigmund
  2556 | D:3      | Killed Sigmund
  2556 | D:3      | Reached skill level 7 in Crossbows
  2556 | D:3      | Reached XP level 5. HP: 42/42 MP: 4/4
  2617 | D:3      | Reached skill level 8 in Crossbows
  2617 | D:3      | Reached XP level 6. HP: 39/50 MP: 5/5
  2805 | D:3      | Found a sacrificial altar of Ru.
  2846 | D:3      | Noticed Ijyb
  2873 | D:3      | Killed Ijyb
  2873 | D:3      | Reached * piety under Trog
  3164 | D:3      | Found an ancient bone altar of Kikubaaqudgha.
  3471 | D:4      | Reached skill level 9 in Crossbows
  3607 | D:4      | Noticed patrickswayze's ghost (amateur DECK)
  3643 | D:4      | Killed patrickswayze's ghost
  3643 | D:4      | Reached XP level 7. HP: 56/56 MP: 6/6
  3822 | D:4      | Found Qixanim's Antique Weapon Emporium.
  3850 | D:4      | Reached skill level 10 in Crossbows
  4284 | D:5      | Entered Level 5 of the Dungeon
  4361 | D:5      | Noticed Duvessa
  4361 | D:5      | Noticed Dowan
  4375 | D:5      | Killed Duvessa
  4376 | D:5      | Killed Dowan
  4731 | D:5      | Noticed Prince Ribbit
  4744 | D:5      | Killed Prince Ribbit
  4744 | D:5      | Reached skill level 11 in Crossbows
  4744 | D:5      | Reached XP level 8. HP: 30/62 MP: 7/7
  5090 | D:5      | Noticed Blork the orc
  5094 | D:5      | Killed Blork the orc
  5258 | D:5      | Noticed Menkaure
  5262 | D:5      | Killed Menkaure
  5446 | D:5      | Reached skill level 12 in Crossbows
  5795 | D:6      | Reached skill level 1 in Armour
  5856 | D:6      | Noticed Grinder
  5864 | D:6      | Killed Grinder
  5864 | D:6      | Reached skill level 3 in Fighting
  5864 | D:6      | Reached skill level 2 in Armour
  5891 | D:6      | Noticed Pikel
  5959 | D:6      | Killed Pikel
  5959 | D:6      | Reached skill level 4 in Fighting
  5959 | D:6      | Reached skill level 3 in Armour
  5959 | D:6      | Reached XP level 9. HP: 51/71 MP: 8/8
  5969 | D:6      | Reached ** piety under Trog
  6200 | D:6      | Found a staircase to the Ecumenical Temple.
  6382 | D:7      | Reached skill level 4 in Armour
  6447 | D:7      | Noticed Iwannabefree's ghost (novice HEIE)
  6466 | D:7      | Killed from afar by Iwannabefree's ghost

Vault maps used:
D:1:      minmay_arrival_three_doors, minivault_24,
          hangedman_abyss_or_decor_lesser_grid
D:2:      lemuel_coloured_pillars_altar, nemelex_altar_shiori, elyvilon_altar_4
D:3:      lemuel_doored_altar, first_bread, nicolae_ru_sacrificial_ziggurat,
          uniq_iyjb, uniq_sigmund
D:4:      serial_shops, nicolae_shop_overgrown_old_shop
D:5:      uniq_duvessa, uniq_menkaure, uniq_blork_the_orc, uniq_prince_ribbit1
D:6:      corexii_leaking_fountain, uniq_pikel, uniq_grinder
D:7:      chequers_temple_overflow_minitemple, vehumet_crystals,
          nicolae_ossuary_entry_false_entrances

Skill      XL: |  1  2  3  4  5  6  7  8  9 |
---------------+----------------------------+-----
Crossbows      | 5 6 7 8 9 11 12 | 12.9
Armour         | 3 4 |  4.0
Fighting       | 4 |  4.7
Dodging        | |  2.1
Stealth        | |  0.7

Action                   |  1- 3 |  4- 6 |  7- 9 || total
-------------------------+-------+-------+-------++-------
Melee: Whip              |   107 |   136 |   132 ||   375
       Headbutt          |    18 |    26 |    20 ||    64
 Fire: Hand crossbow     |    22 |    25 |    90 ||   137
Invok: Berserk           |       |     2 |     5 ||     7
  Use: Scroll            |       |       |     5 ||     5
  Eat: Chunk             |     3 |     7 |    12 ||    22
       Fruit             |       |       |     1 ||     1
Armor: Chain mail        |    84 |    55 |   123 ||   262
Dodge: Dodged            |    38 |    30 |    70 ||   138
Block: Other             |     1 |    41 |    35 ||    77
       Reflection        |       |     2 |     2 ||     4
